 Dungeon Crawl Stone Soup version 0.30-a0-377-g5cb311bc9f (webtiles) character file.

Game seed: 7923143245196687802

68517 scionoferis the Grappler (level 14, -13/134 (136) HPs)
             Began as a Troll Earth Elementalist on Nov 29, 2022.
             Was a High Priest of Sif Muna.
             Mangled by a dire elephant (24 damage)
             ... on level 5 of the Lair of Beasts.
             The game lasted 01:42:28 (21254 turns).

scionoferis the Grappler (TrEE)                    Turns: 21254, Time: 01:42:28

HP:   -13/134 (136) AC: 15    Str: 31    XL:     14   Next: 87%
MP:   22/22         EV:  9    Int: 15    God:    Sif Muna [*****.]
Gold: 2385          SH: 14    Dex: 10    Spells: 14/15 levels left

rFire   . . .      SeeInvis +      - Unarmed
rCold   + + .      Faith    .    L - +0 kite shield
rNeg    . . .      Spirit   .    w - +0 ice dragon scales
rPois   .          Reflect  +    h - +0 hat {SInv}
rElec   .          Harm     .    q - +2 cloak {rF+}
rCorr   .          Rampage  .    (gloves unavailable)
Will    +....                    (boots unavailable)
Stlth   ..........               P - amulet of reflection
HPRegen 1.22/turn                I - +6 ring of strength
MPRegen 0.18/turn                N - +6 ring of strength

@: studying Evocations, lightly drained
A: large, unfitting armour, claws 3, regeneration 1, shaggy fur 1, tough skin 1
a: Renounce Religion, Channel Magic, Forget Spell, Divine Exegesis


You were on level 5 of the Lair of Beasts.
You worshipped Sif Muna.
Sif Muna was extremely pleased with you.
You visited 3 branches of the dungeon, and saw 18 of its levels.
You also visited: Ossuary, Ice Cave and Volcano.

You collected 3006 gold pieces.
You spent 621 gold pieces at shops.


Innate Abilities, Weirdness & Mutations

You are too large for most types of armour.
You have claws for hands.
Your natural rate of healing is unusually fast.
You are covered in fur. (AC +1)
You have tough skin. (AC +1)


   Skills:
 + Level 8.0 Fighting
 + Level 8.0 Throwing
 + Level 2.8 Armour
 + Level 7.8 Dodging
 - Level 1.0 Stealth
 + Level 8.9 Shields
 + Level 13.1 Unarmed Combat
 - Level 1.2 Spellcasting
 - Level 0.6 Transmutations
 - Level 2.6 Earth Magic
 * Level 12.2 Invocations
 + Level 5.4 Evocations


You had 14 spell levels left.
You knew the following spells:

 Your Spells              Type           Power      Damage    Failure   Level
a - Sandblast             Erth           18%        2d7       34%         1

Your spell library contained the following spells:

 Spells                   Type           Power      Damage    Failure   Level
 Passwall                 Tmut/Erth      4%         N/A       63%         2
 Beastly Appendage        Tmut           4%         N/A       65%         1
 Sting                    Tmut/Pois      4%         1d3       67%         1
 Shock                    Conj/Air       0%         1d3       73%         1
 Wereblood                Tmut           2%         N/A       78%         2
 Blink                    Tloc           0%         N/A       86%         2
 Static Discharge         Conj/Air       0%         2-2/arc   86%         2
 Stone Arrow              Conj/Erth      8%         3d7       88%         3
 Spider Form              Tmut/Pois      1%         N/A       96%         3
 Call Canine Familiar     Summ           0%         N/A       97%         3
 Dazzling Flash           Conj/Hex       0%         N/A       97%         3
 Kindle Blastsparks       Fire/Tloc/Air  0%         2d10      97%         3
 Lesser Beckoning         Tloc           0%         N/A       97%         3
 Portal Projectile        Hex/Tloc       0%         N/A       97%         3
 Swiftness                Air            0%         N/A       97%         3
 Vhi's Electric Charge    Tloc/Air       0%         N/A       97%         3
 Leda's Liquefaction      Hex/Erth       2%         N/A       99%         4
 Petrify                  Tmut/Erth      5%         N/A       99%         4
 Airstrike                Air            0%         2d(0-16)  100%        4
 Ice Form                 Ice/Tmut       1%         N/A       100%        4
 Iskenderun's Mystic Bla  Conj/Tloc      0%         2d3       100%        4
 Manifold Assault         Tloc           0%         N/A       100%        4
 Passage of Golubria      Tloc           0%         N/A       100%        4
 Summon Lightning Spire   Summ/Air       0%         N/A       100%        4
 Arcjolt                  Conj/Air       0%         1d10      100%        5
 Lightning Bolt           Conj/Air       0%         1d11      100%        5
 Silence                  Hex/Air        0%         N/A       100%        5
 Summon Forest            Summ/Tloc      0%         N/A       100%        5
 Starburst                Conj/Fire      0%         6d3       100%        6
 Storm Form               Tmut/Air       0%         N/A       100%        7
 Lehudib's Crystal Spear  Conj/Erth      2%         10d2      100%        8

Inventory:

Missiles
 d - 4 curare-tipped darts
 f - 166 stones
 i - 9 large rocks
 l - 2 throwing nets
 r - 36 poisoned darts
 A - 13 boomerangs (quivered)
Armour
 h - a +0 hat of see invisible (worn)
   (You took it off Gastronok on level 1 of the Lair of Beasts)
 m - a +2 troll leather armour {Snorg}
   (You found it on level 11 of the Dungeon)
 q - a +2 cloak of fire resistance (worn)
   (You found it in a volcano)
 w - +0 ice dragon scales (worn)
   (You found it in an ice cave)
 y - a +2 robe of willpower
   (You took it off Blork the orc on level 5 of the Dungeon)
 L - a +0 kite shield (worn)
   (You took it off a gnoll sergeant on level 8 of the Dungeon)
Jewellery
 g - a ring of protection from fire
   (You bought it in a shop on level 9 of the Dungeon)
 j - a ring of flight
   (You found it on level 5 of the Lair of Beasts)
 u - a ring of ice
   (You found it on level 3 of the Dungeon)
 B - a +6 ring of dexterity
   (You found it in an ice cave)
 G - a ring of resist corrosion
   (You found it in an ice cave)
 I - a +6 ring of strength (left claw)
   (You found it on level 8 of the Dungeon)
 N - a +6 ring of strength (right claw)
   (You found it in an ice cave)
 P - an amulet of reflection (around neck)
   (You took it off a kobold on level 10 of the Dungeon)
 R - a ring of positive energy
   (You found it in an ice cave)
Wands
 D - a wand of paralysis (18)
   (You found it on level 7 of the Dungeon)
 E - a wand of digging (4)
   (You took it off a centaur on level 7 of the Dungeon)
 M - a wand of flame (13)
   (You found it on level 9 of the Dungeon)
 Q - a wand of iceblast (3)
   (You found it on level 10 of the Dungeon)
 T - a wand of mindburst (6)
   (You found it on level 5 of the Lair of Beasts)
Scrolls
 a - 3 scrolls of blinking
 s - 2 scrolls of silence
 t - a scroll of summoning
 z - 4 scrolls of fear
 H - 4 scrolls of teleportation
 J - 4 scrolls of butterflies
 U - a scroll of amnesia
 V - a scroll of brand weapon
Potions
 b - 5 potions of magic
 c - 10 potions of heal wounds
 e - 11 potions of curing
 k - 4 potions of flight
 n - 5 potions of cancellation
 p - a potion of invisibility
 v - 3 potions of haste
 C - 4 potions of brilliance
 F - 8 potions of might
 K - a potion of resistance {unknown}
 O - 5 potions of attraction
 S - a potion of lignification {unknown}
Miscellaneous
 x - a lightning rod (1/4)
   (You found it in an ice cave)

Dungeon Overview and Level Annotations

Branches:
Dungeon (12/15)            Temple (1/1) D:7            Lair (5/5) D:10
 Shoals (0/4) Lair:3        Snake (0/4) Lair:2        Slime (0/5) Lair:5
    Orc (0/2) D:12        Ossuary (visited)           IceCv (visited)
Volcano (visited)

Altars:
Ashenzari
Cheibriados
Dithmenos
Elyvilon
Fedhas
Gozag
Hepliaklqana
Kikubaaqudgha
Makhleb
Nemelex Xobeh
Okawaru
Qazlal
Ru
Sif Muna
Trog
Uskayaw
Vehumet
Wu Jian
Xom
Yredelemnul
Zin
The Shining One

Shops:
D:1 ?   D:9 =   D:10 *[**

Annotations:
Lair:3 exclusion: hydra
Lair:5 exclusion: obsidian statue

#..............#.##.≈≈~##
....)...#......#.####''#
#.....###.#....#.8##8..8
#.....# ###....'.P8#....#
#.....# ##....'.⌠P#p...#
......####.....'†P8#.=$.#
#...P.#.###....#.8##8?|8#
#............P.#Y########
............#..#@##8Y[8#
........###....#.#pYY$..
.....#####....##.#YY$..P
....P# #...<.#.##Y...P
..#### ##..b.#.. ....#
.## ###....##. ##+# ##
#.#....♣#P. ###
####.P.PP.### #.###
#......P...#


You could see a dire elephant, 5 elephants and a necromancer.


Message History

There is a stone staircase leading up here.
Found a potion of degeneration.
You see here a black mamba corpse.
You see here a potion of degeneration.
You now have 2320 gold pieces (gained 9).
You now have 2339 gold pieces (gained 19).
A water moccasin comes into view.
The water moccasin hisses angrily.
Throw: 14 boomerangs
Press: ? - help, Q - select action, (/) - cycle Shift-Dir - straight line, f - water moccasin
Aim: a water moccasin (46% to hit)
You throw a boomerang. The boomerang hits the water moccasin.
The water moccasin is lightly wounded.
Throw: 14 boomerangs
Press: ? - help, Q - select action, (/) - cycle Shift-Dir - straight line, f/p - water moccasin
Aim: a water moccasin (lightly wounded, 46% to hit)
You throw a boomerang.
The boomerang misses the water moccasin.
Throw: 14 boomerangs
Press: ? - help, Q - select action, (/) - cycle Shift-Dir - straight line, f/p - water moccasin
Aim: a water moccasin (lightly wounded, 46% to hit)
You throw a boomerang. The boomerang hits the water moccasin!
The water moccasin is severely wounded.
You miss the water moccasin.
The water moccasin is severely wounded.
The water moccasin bites you but does no damage.
You mangle the water moccasin!!
You kill the water moccasin!
Sif Muna accepts your kill.
You see here a water moccasin corpse.
Found a staircase to the Slime Pits.
You see here an orb of mayhem.
A six-headed hydra comes into view.
The six-headed hydra roars!
Throw: 14 boomerangs
Press: ? - help, Q - select action, (/) - cycle Shift-Dir - straight line, f - six-headed hydra
Aim: a six-headed hydra (80% to hit)
You throw a boomerang.
The boomerang barely misses the six-headed hydra.
Throw: 14 boomerangs
Press: ? - help, Q - select action, (/) - cycle Shift-Dir - straight line, f/p - six-headed hydra
Aim: a six-headed hydra (80% to hit)
You throw a boomerang.
The boomerang barely misses the six-headed hydra.
Throw: 14 boomerangs
Press: ? - help, Q - select action, (/) - cycle Shift-Dir - straight line, f/p - six-headed hydra
Aim: a six-headed hydra (80% to hit)
You throw a boomerang.
The boomerang hits the six-headed hydra.
The six-headed hydra is lightly wounded.
Throw: 14 boomerangs
Press: ? - help, Q - select action, (/) - cycle Shift-Dir - straight line, f/p - six-headed hydra
Aim: a six-headed hydra (lightly wounded, 80% to hit)
You throw a boomerang.
The boomerang hits the six-headed hydra!
The six-headed hydra is moderately wounded.
The six-headed hydra bites you but does no damage.
The six-headed hydra bites you!
The six-headed hydra bites you but does no damage. x2
You block the six-headed hydra's attack.
The six-headed hydra bites you.
Throw: 14 boomerangs
Press: ? - help, Q - select action, (/) - cycle Shift-Dir - straight line, f/p - six-headed hydra
Aim: a six-headed hydra (moderately wounded, 80% to hit)
You throw a boomerang.
The boomerang hits the six-headed hydra.
The six-headed hydra is moderately wounded.
The six-headed hydra bites you but does no damage. x2
You block the six-headed hydra's attack.
The six-headed hydra bites you!
You block the six-headed hydra's attack.
The six-headed hydra bites you.
Throw: 14 boomerangs
Press: ? - help, Q - select action, (/) - cycle Shift-Dir - straight line, f/p - six-headed hydra
Aim: a six-headed hydra (moderately wounded, 80% to hit)
You throw a boomerang.
The boomerang hits the six-headed hydra!
The six-headed hydra is heavily wounded.
The six-headed hydra bites you but does no damage.
You block the six-headed hydra's attack. x2
The six-headed hydra bites you. x2
The six-headed hydra bites you but does no damage.
Throw: 14 boomerangs
Press: ? - help, Q - select action, (/) - cycle Shift-Dir - straight line, f/p - six-headed hydra
Aim: a six-headed hydra (heavily wounded, 80% to hit)
You throw a boomerang.
The boomerang hits the six-headed hydra!
The six-headed hydra is heavily wounded.
The six-headed hydra barely misses you.
You block the six-headed hydra's attack.
The six-headed hydra bites you.
The six-headed hydra completely misses you.
You block the six-headed hydra's attack. x2
Throw: 14 boomerangs
Press: ? - help, Q - select action, (/) - cycle Shift-Dir - straight line, f/p - six-headed hydra
Aim: a six-headed hydra (heavily wounded, 80% to hit)
You throw a boomerang.
The boomerang hits the six-headed hydra!
The six-headed hydra is severely wounded.
The six-headed hydra completely misses you.
The six-headed hydra bites you but does no damage. x3
You block the six-headed hydra's attack. x2
Throw: 14 boomerangs
Press: ? - help, Q - select action, (/) - cycle Shift-Dir - straight line, f/p - six-headed hydra
Aim: a six-headed hydra (severely wounded, 80% to hit)
You throw a boomerang.
The boomerang hits the six-headed hydra.
The six-headed hydra is severely wounded.
The six-headed hydra closely misses you.
The six-headed hydra bites you!
You block the six-headed hydra's attack. x2
The six-headed hydra bites you but does no damage.
You block the six-headed hydra's attack.
The six-headed hydra bites you!
The six-headed hydra bites you but does no damage.
The six-headed hydra barely misses you. The six-headed hydra bites you!
The six-headed hydra bites you. The six-headed hydra barely misses you.
Unknown command.
Throw: 14 boomerangs
Press: ? - help, Q - select action, (/) - cycle Shift-Dir - straight line, f/p - six-headed hydra
Aim: a six-headed hydra (severely wounded, 80% to hit)
You throw a boomerang.
The boomerang hits the six-headed hydra!
The six-headed hydra is almost dead.
The six-headed hydra bites you but does no damage.
The six-headed hydra closely misses you.
You block the six-headed hydra's attack.
The six-headed hydra bites you but does no damage.
You block the six-headed hydra's attack.
The six-headed hydra bites you.
Throw: 14 boomerangs
Press: ? - help, Q - select action, (/) - cycle Shift-Dir - straight line, f/p - six-headed hydra
Aim: a six-headed hydra (almost dead, 80% to hit)
You throw a boomerang.
The boomerang completely misses the six-headed hydra.
The six-headed hydra closely misses you.
You block the six-headed hydra's attack.
The six-headed hydra bites you. The six-headed hydra bites you!
The six-headed hydra bites you. The six-headed hydra bites you!
You rip one of the six-headed hydra's heads off!
The five-headed hydra grows two more!
You mangle the seven-headed hydra!!
You kill the seven-headed hydra!
Sif Muna accepts your kill.
You start resting.
A water moccasin comes into view.
Throw: 14 boomerangs
Press: ? - help, Q - select action, (/) - cycle Shift-Dir - straight line, f - water moccasin
Aim: a water moccasin (wandering, hasn't noticed you, 46% to hit)
You throw a boomerang.
The boomerang closely misses the water moccasin.
The water moccasin hisses angrily.
Throw: 14 boomerangs
Press: ? - help, Q - select action, (/) - cycle Shift-Dir - straight line, f/p - water moccasin
Aim: a water moccasin (46% to hit)
You throw a boomerang. The boomerang hits the water moccasin.
The water moccasin is moderately wounded.
Throw: 14 boomerangs
Press: ? - help, Q - select action, (/) - cycle Shift-Dir - straight line, f/p - water moccasin
Aim: a water moccasin (moderately wounded, 46% to hit)
You throw a boomerang. The boomerang hits the water moccasin.
The water moccasin is moderately wounded.
Throw: 14 boomerangs
Press: ? - help, Q - select action, (/) - cycle Shift-Dir - straight line, f/p - water moccasin
Aim: a water moccasin (moderately wounded, 46% to hit)
You throw a boomerang.
The boomerang misses the water moccasin.
The boomerang hits the fungus!
The fungus begins to die.
The fungus is lightly damaged.
You block the water moccasin's attack.
You barely miss the water moccasin.
The water moccasin is moderately wounded.
You block the water moccasin's attack.
You closely miss the water moccasin.
The water moccasin is moderately wounded.
You block the water moccasin's attack.
You scratch the water moccasin.
The water moccasin is moderately wounded.
The water moccasin bites you but does no damage.
You block the water moccasin's attack.
You mangle the water moccasin!!
You kill the water moccasin!
Sif Muna accepts your kill.
A nearby fungus withers and dies.
No target in view!
HP restored.
V - a scroll labelled MYIPYO ICETE
As you read the scroll of identify, it crumbles to dust.
V - a scroll of brand weapon A death yak comes into view.
The death yak bellows!
You hear a bellow!
Throw: 14 boomerangs
Press: ? - help, Q - select action, (/) - cycle Shift-Dir - straight line, f - death yak
Aim: a death yak (80% to hit)
You throw a boomerang.
The boomerang hits the death yak but does no damage.
Throw: 14 boomerangs
Press: ? - help, Q - select action, (/) - cycle Shift-Dir - straight line, f/p - death yak
Aim: a death yak (80% to hit)
You throw a boomerang. The boomerang hits the death yak.
The death yak is lightly wounded.
Throw: 14 boomerangs
Press: ? - help, Q - select action, (/) - cycle Shift-Dir - straight line, f/p - death yak
Aim: a death yak (lightly wounded, 80% to hit)
You throw a boomerang.
The boomerang hits the death yak but does no damage.
The death yak is lightly wounded.
Throw: 13 boomerangs
Press: ? - help, Q - select action, (/) - cycle Shift-Dir - straight line, f/p - death yak
Aim: a death yak (lightly wounded, 80% to hit)
You throw a boomerang. The boomerang hits the death yak.
The death yak is lightly wounded.
Unknown command.
Throw: 13 boomerangs
Press: ? - help, Q - select action, (/) - cycle Shift-Dir - straight line, f/p - death yak
Aim: a death yak (lightly wounded, 80% to hit)
You throw a boomerang.
The boomerang barely misses the death yak.
Unknown command.
The death yak bellows!
You claw the death yak!
The death yak is lightly wounded.
A death yak comes into view.
The death yak gores you!
You mangle the death yak!!
The death yak is heavily wounded.
You hear a bellow!
You block the death yak's attack.
A death yak comes into view.
You mangle the death yak!!
The death yak is almost dead.
The death yak barely misses you.
You claw the death yak!
The death yak is almost dead.
The death yak closely misses you.
You mangle the death yak!!
You kill the death yak!
Sif Muna accepts your kill.
You swing at nothing.
You mangle the death yak!!
The death yak is moderately wounded.
You hear a bellow!
You barely miss the death yak.
The death yak is moderately wounded.
You block the death yak's attack.
You mangle the death yak!!
The death yak is heavily wounded.
The death yak gores you!!
You mangle the death yak!!
The death yak is almost dead.
You block the death yak's attack.
You scratch the death yak but do no damage.
The death yak is almost dead.
You block the death yak's attack.
You barely miss the death yak.
The death yak is almost dead.
The death yak gores you!
You mangle the death yak!!
You kill the death yak!
Sif Muna accepts your kill.
Your lightning rod (3/4) has regained one charge.
You claw the death yak!
The death yak is moderately wounded.
You completely miss the death yak.
The death yak is moderately wounded.
The death yak gores you!
You claw the death yak!
The death yak is moderately wounded.
You block the death yak's attack.
You scratch the death yak but do no damage.
The death yak is moderately wounded.
The death yak gores you but does no damage.
You mangle the death yak!!
The death yak is severely wounded.
The death yak barely misses you.
You mangle the death yak!!
You kill the death yak!
Sif Muna accepts your kill.
Your Invocations skill increases to level 12!
You mangle the death yak!!
The death yak is moderately wounded.
You block the death yak's attack.
You mangle the death yak!!
The death yak is heavily wounded.
You scratch the death yak.
The death yak is heavily wounded.
The death yak gores you but does no damage.
You claw the death yak!
The death yak is severely wounded.
You block the death yak's attack.
You mangle the death yak!!
You kill the death yak!
Sif Muna accepts your kill.
Your Evocations skill increases to level 5!
You claw the death yak!
The death yak is lightly wounded.
The death yak closely misses you.
You mangle the death yak!!
The death yak is heavily wounded.
The death yak gores you!
You scratch the death yak.
The death yak is heavily wounded.
The death yak gores you!
You mangle the death yak!!
The death yak is almost dead.
The death yak gores you but does no damage.
You barely miss the death yak.
The death yak is almost dead.
The death yak closely misses you.
You mangle the death yak!!
You kill the death yak!
Sif Muna accepts your kill.
You swing at nothing.
You see here a death yak corpse.
You start resting.
A cane toad comes into view.
The cane toad croaks.
You block the cane toad's attack.
You scratch the cane toad but do no damage.
The cane toad stings you but does no damage.
You claw the cane toad!
The cane toad is moderately wounded.
The cane toad completely misses you.
You claw the cane toad!
The cane toad is moderately wounded.
You block the cane toad's attack.
You claw the cane toad!
The cane toad is severely wounded.
The cane toad stings you!
You scratch the cane toad.
The cane toad is severely wounded.
The cane toad stings you.
You closely miss the cane toad.
The cane toad is severely wounded.
The cane toad stings you!
You mangle the cane toad!!
You kill the cane toad!
Sif Muna accepts your kill.
Search for what [? for help]? rpois Can't find anything matching that.
HP restored.
You see here a death yak corpse.
You now have 2350 gold pieces (gained 11).
e - 12 potions of curing (gained 1)
F - 8 potions of might (gained 1)
You now have 2361 gold pieces (gained 11).
The eight-headed hydra roars!
Aiming: Thunderbolt
Press: ? - help, Shift-Dir - straight line, f - you
Okay, then.
Unknown command.
Throw: 13 boomerangs
Press: ? - help, Q - select action, (/) - cycle Shift-Dir - straight line, f - eight-headed hydra
Aim: an eight-headed hydra (80% to hit)
You throw a boomerang.
The boomerang hits the eight-headed hydra!
The eight-headed hydra is moderately wounded.
Aiming: Thunderbolt
Press: ? - help, Shift-Dir - straight line, f/p - eight-headed hydra
Aim: an eight-headed hydra (moderately wounded)
The thunderbolt hits the eight-headed hydra!
The eight-headed hydra is heavily wounded.
Aiming: Thunderbolt
Press: ? - help, Shift-Dir - straight line, f/p - eight-headed hydra
Aim: an eight-headed hydra (heavily wounded)
The thunderbolt hits the eight-headed hydra!!
The eight-headed hydra is severely wounded.
Aiming: Thunderbolt
Press: ? - help, Shift-Dir - straight line, f/p - eight-headed hydra
Aim: an eight-headed hydra (severely wounded)
The thunderbolt hits the eight-headed hydra!!
You kill the eight-headed hydra!
Sif Muna accepts your kill.
The lightning rod overheats!
You hear an angry hiss.
Your Unarmed Combat skill increases to level 13!
A dream sheep comes into view.
The dream sheep bleats!
A dream sheep comes into view. 3 dream sheep come into view.
The dream sheep bleats! x4
The dream sheep shake their wool and sparkle.
You feel drowsy...
You fall asleep.
A dream sheep comes into view.
The dream sheep moves out of view.
The dream sheep bleats!
You wake up.
The dream sheep bites you but does no damage.
You block the dream sheep's attack.
You mangle the dream sheep!!
You kill the dream sheep!
Sif Muna accepts your kill. You block the dream sheep's attack.
You scratch the dream sheep.
The dream sheep is moderately wounded.
The dream sheep closely misses you.
You scratch the dream sheep.
The dream sheep is heavily wounded.
You block the dream sheep's attack.
You scratch the dream sheep.
The dream sheep is severely wounded.
You block the dream sheep's attack.
You claw the dream sheep!
You kill the dream sheep!
Sif Muna accepts your kill.
You closely miss the dream sheep.
The dream sheep ruffle their wool and motes of dream dust sparkle, to no effect.
You closely miss the dream sheep. You barely miss the dream sheep.
The dream sheep ruffle their wool and motes of dream dust sparkle, to no effect.
You claw the dream sheep!
The dream sheep is heavily wounded.
The dream sheep bites you but does no damage.
You completely miss the dream sheep.
The dream sheep is heavily wounded.
The dream sheep bites you.
You claw the dream sheep!
You kill the dream sheep!
Sif Muna accepts your kill.
The dream sheep ruffle their wool and motes of dream dust sparkle, to no effect.
You claw the dream sheep!
The dream sheep is moderately wounded.
The dream sheep bites you but does no damage.
You claw the dream sheep!
The dream sheep is severely wounded.
The dream sheep barely misses you.
You mangle the dream sheep!!
You kill the dream sheep!
Sif Muna accepts your kill.
You swing at nothing.
You mangle the dream sheep!!
You kill the dream sheep!
Sif Muna accepts your kill.
You completely miss the dream sheep.
The dream sheep ruffles its wool and motes of dream dust sparkle, to no effect.
You barely miss the dream sheep.
The dream sheep bites you but does no damage.
You barely miss the dream sheep. You block the dream sheep's attack.
You closely miss the dream sheep. You block the dream sheep's attack.
You mangle the dream sheep!!
You kill the dream sheep!
Sif Muna accepts your kill.
You swing at nothing.
Things that are here:
a dream sheep corpse; a dream sheep corpse
Things that are here:
a dream sheep corpse; a dream sheep corpse A rime drake is nearby!
The rime drake breathes ice at you. The icy flash freeze misses you.
You closely miss the rime drake. The rime drake breathes ice at you.
The icy flash freeze misses you.
You closely miss the rime drake.
The rime drake bites you but does no damage.
You scratch the rime drake but do no damage.
The rime drake breathes ice at you. The icy flash freeze hits you!
You partially resist.
You are encased in ice.
You claw the rime drake!
The rime drake is moderately wounded.
You block the rime drake's attack.
You claw the rime drake!
The rime drake is severely wounded.
You block the rime drake's attack.
You mangle the rime drake!!
You kill the rime drake!
Sif Muna accepts your kill. The ice encasing you melts away.
No target in view!
You enter the shallow water.
Moving in this stuff is going to be slow.
You see here a rime drake corpse.
There is an escape hatch in the ceiling here.
You enter the shallow water.
Moving in this stuff is going to be slow.
Partly explored, can't reach some places.
Partly explored, can't reach some places.
You open the gate.
The dire elephant trumpets! x2
Found a ring of wizardry, a scroll of identify and 24 gold pieces. 2 dire elephants come into view.
Found 21 gold pieces and a weird smoking staff.
The dire elephant trumpets! x3
The necromancer hits the withered plant with a +1 dagger of protection.
The withered plant begins to crumble.
A cane toad comes into view.
There is an open gate here.
The necromancer hits the withered plant with a +1 dagger of protection!
The dire elephant attacks as you move away!
You block the dire elephant's attack. The dire elephant barely misses you.
The dire elephant attacks as you move away!
The dire elephant tramples you but does no damage.
The dire elephant trunk-slaps you.
There is a stone staircase leading up here.
You block the dire elephant's attack.
The dire elephant trunk-slaps you but does no damage.
You climb upwards.
There is a stone staircase leading down here.
You mangle the dire elephant!!
The dire elephant is lightly wounded.
The dire elephant tramples you but does no damage.
The dire elephant trunk-slaps you but does no damage.
You mangle the dire elephant!!
The dire elephant is moderately wounded.
The dire elephant tramples you!!
You hold your ground!
The dire elephant trunk-slaps you but does no damage.
You scratch the dire elephant.
The dire elephant is moderately wounded.
You block the dire elephant's attack. x2
You scratch the dire elephant.
The dire elephant is heavily wounded.
The dire elephant tramples you!!
You stumble backwards!
You mangle the dire elephant!!
The dire elephant is severely wounded.
You block the dire elephant's attack. x2
You scratch the dire elephant.
The dire elephant is severely wounded.
You block the dire elephant's attack. The dire elephant trunk-slaps you.
You claw the dire elephant!
The dire elephant is severely wounded.
You block the dire elephant's attack. x2
You claw the dire elephant!
The dire elephant is almost dead.
You mangle the dire elephant!!
You kill the dire elephant!
Sif Muna accepts your kill.
No target in view!
There is a stone staircase leading down, spattered with blood here.
You start resting.
HP restored.
You climb downwards.
The dire elephant tramples you.
You hold your ground!
The dire elephant barely misses you.
You block the dire elephant's attack. x2
There is a stone staircase leading up here.
The dire elephant tramples you!!
You stumble backwards!
You stop ascending the stairs.
You claw the dire elephant!
The dire elephant is lightly wounded.
You block the dire elephant's attack. The dire elephant barely misses you.
You scratch the dire elephant but do no damage.
The dire elephant is lightly wounded.
The dire elephant closely misses you. The dire elephant barely misses you.
You scratch the dire elephant.
The dire elephant is lightly wounded.
You block the dire elephant's attack. The dire elephant trunk-slaps you.
You mangle the dire elephant!!
The dire elephant is moderately wounded.
You scratch the dire elephant but do no damage.
The dire elephant is moderately wounded.
The dire elephant barely misses you.
The dire elephant trunk-slaps you but does no damage.
You mangle the dire elephant!!
The dire elephant is heavily wounded.
You block the dire elephant's attack. The dire elephant trunk-slaps you.
You scratch the dire elephant but do no damage.
The dire elephant is heavily wounded.
The dire elephant tramples you!!
You hold your ground!
The dire elephant trunk-slaps you.
You mangle the dire elephant!!
The dire elephant is severely wounded.
The dire elephant tramples you!
You stumble backwards!
You are too injured to fight recklessly!
You are too injured to fight recklessly!
You scratch the dire elephant.
The dire elephant is severely wounded.
The dire elephant tramples you!!
You hold your ground!
You block the dire elephant's attack.
You claw the dire elephant!
The dire elephant is almost dead.
The dire elephant tramples you!!
* * * LOW HITPOINT WARNING * * *
You stumble backwards!
You barely miss the dire elephant.
The dire elephant is almost dead.
You feel much better. The cane toad closely misses you.
The dire elephant tramples you!
* * * LOW HITPOINT WARNING * * *
You hold your ground!
The dire elephant trunk-slaps you but does no damage.
The cane toad stings you!
* * * LOW HITPOINT WARNING * * *
You are poisoned.
The cane toad poisons you!
You mangle the dire elephant!!
You kill the dire elephant!
Sif Muna accepts your kill.
You feel very sick. The cane toad barely misses you.
Your lightning rod (1/4) has regained one charge.
Unknown command.
You mangle the cane toad!!
The cane toad is almost dead.
You feel very sick. The cane toad stings you!
* * * LOW HITPOINT WARNING * * *
You feel better.
The cane toad stings you but does no damage.
You mangle the cane toad!!
You kill the cane toad!
Sif Muna accepts your kill.
There is a stone staircase leading up, spattered with blood here.
You climb upwards.
There is a stone staircase leading down, spattered with blood here.
You start resting.
HP restored.
You climb downwards.
There is a stone staircase leading up, spattered with blood here.
There is an open gate here.
You now have 2385 gold pieces (gained 24).
A spectral elephant comes into view.
The spectral elephant moves out of view.
You claw the spectral elephant!
The spectral elephant is lightly damaged.
You block the spectral elephant's attack.
The spectral elephant trunk-slaps you but does no damage.
You scratch the spectral elephant.
The spectral elephant is moderately damaged.
You block the spectral elephant's attack. x2
You mangle the spectral elephant!!
The spectral elephant is severely damaged.
You hear a trumpeting!
You block the spectral elephant's attack. x2
A dire elephant comes into view.
You scratch the spectral elephant.
The spectral elephant is almost destroyed.
The spectral elephant closely misses you.
You block the spectral elephant's attack.
You scratch the spectral elephant but do no damage.
The spectral elephant is almost destroyed.
The spectral elephant tramples you!
You hold your ground!
The spectral elephant trunk-slaps you but does no damage.
You claw the spectral elephant!
You destroy the spectral elephant!
Sif Muna accepts your kill.
You scratch the dire elephant.
The dire elephant is lightly wounded.
You scratch the dire elephant but do no damage.
The dire elephant is lightly wounded.
You block the dire elephant's attack. The dire elephant trunk-slaps you!
You claw the dire elephant!
The dire elephant is lightly wounded.
The dire elephant tramples you!
You hold your ground!
The dire elephant trunk-slaps you but does no damage.
You mangle the dire elephant!!
The dire elephant is moderately wounded.
You block the dire elephant's attack. x2
You mangle the dire elephant!!
The dire elephant is heavily wounded.
You block the dire elephant's attack. The dire elephant trunk-slaps you.
You mangle the dire elephant!!
The dire elephant is severely wounded.
The dire elephant tramples you but does no damage.
The dire elephant trunk-slaps you but does no damage.
You mangle the dire elephant!!
The dire elephant is almost dead.
You block the dire elephant's attack. x2
You scratch the dire elephant.
The dire elephant is almost dead.
You scratch the dire elephant but do no damage.
The dire elephant is almost dead.
You block the dire elephant's attack.
The dire elephant trunk-slaps you but does no damage.
You mangle the dire elephant!!
You kill the dire elephant!
Sif Muna accepts your kill.
Your Throwing skill increases to level 8!
You start resting.
HP restored.
You see here a dire elephant corpse.
You open the door.
A cane toad simulacrum comes into view.
You claw the cane toad simulacrum!
The cane toad simulacrum is severely damaged.
The cane toad simulacrum hits you but does no damage.
Unknown command.
You scratch the cane toad simulacrum.
The cane toad simulacrum is severely damaged.
You block the cane toad simulacrum's attack.
An elephant simulacrum comes into view.
You mangle the cane toad simulacrum!!
The cane toad simulacrum vaporises!
Sif Muna accepts your kill.
You're wearing all the rings you can.
Remove which one? (? for menu, Esc to cancel) < or
I - a +6 ring of strength; > or
g - a ring of protection from fire You remove your ring of protection from fire.
You feel stronger.
N - a +6 ring of strength (right claw)
You scratch the elephant simulacrum.
The elephant simulacrum is lightly damaged.
You block the elephant simulacrum's attack. x2
You claw the elephant simulacrum!
The elephant simulacrum is almost destroyed.
You mangle the elephant simulacrum!!
The elephant simulacrum vaporises!
Sif Muna accepts your kill.
A spectral elephant comes into view.
A death yak simulacrum comes into view.
You scratch the spectral elephant.
The spectral elephant is lightly damaged.
The spectral elephant barely misses you.
The spectral elephant misses you.
You claw the spectral elephant!
The spectral elephant is moderately damaged.
You block the spectral elephant's attack. x2
You mangle the spectral elephant!!
The spectral elephant is severely damaged.
The spectral elephant tramples you but does no damage.
The spectral elephant barely misses you.
You scratch the spectral elephant.
The spectral elephant is severely damaged.
You block the spectral elephant's attack. x2
You claw the spectral elephant!
The spectral elephant is almost destroyed.
You scratch the spectral elephant but do no damage.
The spectral elephant is almost destroyed.
The spectral elephant tramples you but does no damage.
You block the spectral elephant's attack.
You mangle the spectral elephant!!
You destroy the spectral elephant!
Sif Muna accepts your kill.
You mangle the death yak simulacrum!!
The death yak simulacrum is almost destroyed.
The death yak simulacrum gores you! The death yak simulacrum freezes you.
You resist.
You mangle the death yak simulacrum!!
The death yak simulacrum vaporises!
Sif Muna accepts your kill.
Really walk into that cloud of freezing vapour?
Okay, then.
You start resting.
HP restored.
Found a chain mail.
There is an open door here.
Found a heavily runed tin ring.
The obsidian statue slips into the dungeon's darkness for a moment.
Marking area around an obsidian statue as unsafe for travelling.
Press: ? - help, v - describe, . - travel, g - get item Item here: a heavily runed tin ring.
The floor.
Unknown command.
Press: ? - help, v - describe, . - travel
Here: an obsidian statue (fire blocked by a granite statue)
The floor.
There is an open door here.
You open the large door.
There is a large open door here.
Really walk into a travel-excluded area? [Y]es or [N]o only, please.
Really walk into a travel-excluded area?
Okay, then.
You open the large door.
A spectral cane toad and a cane toad simulacrum come into view.
A spectral death yak comes into view.
The spectral cane toad attacks as you move away!
You block the spectral cane toad's attack.
The cane toad simulacrum attacks as you move away!
You block the cane toad simulacrum's attack.
The spectral cane toad hits you.
You feel drained.
You barely miss the spectral cane toad. You barely miss the spectral cane toad.
The spectral cane toad hits you.
You block the spectral cane toad's attack.
You eviscerate the spectral cane toad!!!
The spectral cane toad is almost destroyed.
The spectral cane toad hits you!
You feel drained.
You mangle the spectral cane toad!!
You destroy the spectral cane toad!
Sif Muna accepts your kill.
You mangle the spectral death yak!!
The spectral death yak is moderately damaged.
The spectral death yak closely misses you.
You claw the spectral death yak!
The spectral death yak is heavily damaged.
You block the spectral death yak's attack.
You scratch the spectral death yak but do no damage.
The spectral death yak is heavily damaged.
The spectral death yak barely misses you.
You claw the spectral death yak!
The spectral death yak is severely damaged.
The spectral death yak closely misses you.
You mangle the spectral death yak!!
The spectral death yak is almost destroyed.
The spectral death yak gores you.
You mangle the spectral death yak!!
You destroy the spectral death yak!
Sif Muna accepts your kill.
Your Fighting skill increases to level 8!
You mangle the cane toad simulacrum!!
The cane toad simulacrum vaporises!
Sif Muna accepts your kill.
Really walk into that cloud of freezing vapour?
Okay, then.
You start resting.
HP restored.
There is a large open door here.
You open the door.
A spectral anaconda comes into view.
The spectral anaconda grabs you.
You block the spectral anaconda's attack.
The spectral anaconda constricts you.
You closely miss the spectral anaconda.
The spectral anaconda bites you but does no damage.
The spectral anaconda constricts you. The spectral anaconda bites you.
The spectral anaconda constricts you.
You mangle the spectral anaconda!!
The spectral anaconda is moderately damaged.
You block the spectral anaconda's attack.
The spectral anaconda constricts you.
You mangle the spectral anaconda!!
The spectral anaconda is almost destroyed.
The spectral anaconda bites you but does no damage.
The spectral anaconda constricts you. The spectral anaconda bites you.
The spectral anaconda constricts you.
You scratch the spectral anaconda but do no damage.
The spectral anaconda is almost destroyed.
The spectral anaconda bites you.
You feel drained. The spectral anaconda constricts you.
You closely miss the spectral anaconda.
The spectral anaconda is severely damaged.
You block the spectral anaconda's attack.
The spectral anaconda constricts you.
The spectral anaconda bites you but does no damage.
The spectral anaconda constricts you.
You claw the spectral anaconda!
You destroy the spectral anaconda!
Sif Muna accepts your kill.
You start resting.
HP restored.
There is an open door here.
There is an open door here.
There is an open door here.
You enter the shallow water.
Moving in this stuff is going to be slow.
You open the large door.
The dire elephant trumpets! x3
The necromancer gestures wildly while chanting.
The necromancer binds the souls of nearby monsters.
The necromancer mumbles some strange words.
The necromancer binds the souls of nearby monsters.
The dire elephant attacks as you move away!
The dire elephant splashes around in the water.
The dire elephant trunk-slaps you! You block the dire elephant's attack.
The dire elephant trunk-slaps you!
There is an open door here.
The dire elephant attacks as you move away!
You block the dire elephant's attack. The dire elephant barely misses you.
You scratch the dire elephant.
The dire elephant is lightly wounded.
You block the dire elephant's attack. The dire elephant trunk-slaps you.
You mangle the dire elephant!!
The dire elephant is moderately wounded.
The dire elephant tramples you!!
You stumble backwards!
The dire elephant attacks as you move away!
You block the dire elephant's attack.
The dire elephant completely misses you.
The dire elephant attacks as you move away!
The dire elephant tramples you! You block the dire elephant's attack.
The necromancer gestures wildly while chanting.
The necromancer binds the souls of nearby monsters.
There is a large open door here.
The dire elephant attacks as you move away!
The dire elephant closely misses you. The dire elephant trunk-slaps you!
The dire elephant attacks as you move away!
The dire elephant tramples you!! The dire elephant barely misses you.
The dire elephant attacks as you move away!
The dire elephant closely misses you.
The dire elephant completely misses you.
There is a large open door here.
As you read the scroll of teleportation, it crumbles to dust.
You feel strangely unstable. You block the dire elephant's attack.
The dire elephant trunk-slaps you!
The dire elephant attacks as you move away!
The dire elephant tramples you but does no damage.
The dire elephant trunk-slaps you.
The dire elephant's soul is no longer bound.
Your surroundings suddenly seem different.
There is a stone staircase leading up here.
You climb upwards.
There is a stone staircase leading down here.
You start resting.
HP restored.
You climb downwards.
Level annotation: exclusion: obsidian statue
There is a stone staircase leading up here.
The necromancer shouts!
There is an open gate here.
The necromancer shouts!
The elephant trumpets! x5
The elephant tramples the withered plant!
The withered plant begins to crumble.
The elephant trunk-slaps the withered plant.
Found a box of beasts.
There is an open gate here.
The dire elephant trumpets!
Throw: 13 boomerangs
Press: ? - help, Q - select action, (/) - cycle Shift-Dir - straight line, f - dire elephant
Aim: a dire elephant (91% to hit)
You throw a boomerang.
The boomerang hits the dire elephant but does no damage.
Throw: 13 boomerangs
Press: ? - help, Q - select action, (/) - cycle Shift-Dir - straight line, f/p - dire elephant
Aim: a dire elephant (91% to hit)
You throw a boomerang. The boomerang hits the dire elephant.
The dire elephant is lightly wounded.
Throw: 13 boomerangs
Press: ? - help, Q - select action, (/) - cycle Shift-Dir - straight line, f/p - dire elephant
Aim: a dire elephant (lightly wounded, 91% to hit)
You throw a boomerang. The boomerang hits the dire elephant!
The dire elephant is lightly wounded.
Throw: 13 boomerangs
Press: ? - help, Q - select action, (/) - cycle Shift-Dir - straight line, f/p - dire elephant
Aim: a dire elephant (lightly wounded, 91% to hit)
You throw a boomerang. The boomerang hits the dire elephant.
The dire elephant is lightly wounded.
Throw: 13 boomerangs
Press: ? - help, Q - select action, (/) - cycle Shift-Dir - straight line, f/p - dire elephant
Aim: a dire elephant (lightly wounded, 91% to hit)
You throw a boomerang. The boomerang hits the dire elephant.
The dire elephant is lightly wounded.
The dire elephant trumpets!
You scratch the dire elephant.
The dire elephant is lightly wounded.
You hear a trumpeting!
You mangle the dire elephant!!
The dire elephant is moderately wounded.
The dire elephant tramples you!
You stumble backwards!
You scratch the dire elephant but do no damage.
The dire elephant is moderately wounded.
The dire elephant tramples you!
You stumble backwards!
You scratch the dire elephant.
The dire elephant is moderately wounded.
The dire elephant tramples you!
You stumble backwards!
You scratch the dire elephant.
The dire elephant is heavily wounded.
You block the dire elephant's attack.
The dire elephant trunk-slaps you but does no damage.
You barely miss the dire elephant.
The dire elephant is heavily wounded.
The dire elephant tramples you.
You stumble backwards!
You eviscerate the dire elephant!!!
The dire elephant is severely wounded.
You claw the dire elephant!
The dire elephant is almost dead.
The dire elephant tramples you.
You hold your ground!
You block the dire elephant's attack.
You scratch the dire elephant but do no damage.
The dire elephant is severely wounded.
The dire elephant tramples you!!
You stumble backwards!
You mangle the dire elephant!!
The dire elephant is almost dead.
You block the dire elephant's attack.
The dire elephant trunk-slaps you but does no damage.
You scratch the dire elephant but do no damage.
The dire elephant is almost dead.
The dire elephant closely misses you. You block the dire elephant's attack.
You mangle the dire elephant!!
You kill the dire elephant!
Sif Muna accepts your kill.
You claw the dire elephant!
The dire elephant is lightly wounded.
The dire elephant tramples you!
You hold your ground!
The dire elephant trunk-slaps you!
You completely miss the dire elephant.
The dire elephant is lightly wounded.
You scratch the dire elephant.
The dire elephant is lightly wounded.
The dire elephant tramples you!
You stumble backwards!
You scratch the dire elephant but do no damage.
The dire elephant is lightly wounded.
The dire elephant tramples you!!
* * * LOW HITPOINT WARNING * * *
You hold your ground!
The dire elephant trunk-slaps you but does no damage.
You feel much better. You block the dire elephant's attack.
The dire elephant trunk-slaps you.
You scratch the dire elephant but do no damage.
The dire elephant is lightly wounded.
The dire elephant barely misses you. You block the dire elephant's attack.
You mangle the dire elephant!!
The dire elephant is moderately wounded.
The dire elephant completely misses you.
The dire elephant trunk-slaps you but does no damage.
You scratch the dire elephant.
The dire elephant is heavily wounded.
The dire elephant tramples you.
You stumble backwards!
You mangle the dire elephant!!
The dire elephant is severely wounded.
You block the dire elephant's attack. x2
You scratch the dire elephant.
The dire elephant is severely wounded.
You scratch the dire elephant but do no damage.
The dire elephant is severely wounded.
You block the dire elephant's attack. The dire elephant trunk-slaps you.
You claw the dire elephant!
The dire elephant is almost dead.
The dire elephant tramples you!!
* * * LOW HITPOINT WARNING * * *
You hold your ground!
You block the dire elephant's attack.
You scratch the dire elephant but do no damage.
The dire elephant is almost dead.
The dire elephant tramples you!!
You die...

Skill      XL: |  1  2  3  4  5  6  7  8  9 10 11 12 13 14 |
---------------+-------------------------------------------+-----
Unarmed Combat | 1 2 3 4 5 6 8 10 11 12 13 | 13.1
Fighting       | 1 2 3 4 6 7 8 |  8.0
Dodging        | 2 3 4 5 6 7 |  7.8
Throwing       | 2 4 6 7 8 |  8.0
Shields        | 3 5 7 8 |  8.9
Invocations    | 3 7 10 11 12 | 12.2
Evocations     | 3 5 |  5.4
Armour         | 2 |  2.8
Stealth        | |  1.0
Spellcasting   | |  1.2
Transmutations | |  0.6
Earth Magic    | |  2.6

Action                   |  1- 3 |  4- 6 |  7- 9 | 10-12 | 13-15 || total
-------------------------+-------+-------+-------+-------+-------++-------
Melee: Unarmed           |   135 |   144 |   287 |   918 |   875 ||  2359
       Punch             |     1 |     2 |    16 |     9 |       ||    28
Throw: Dart              |       |     4 |    53 |    68 |    78 ||   203
       Stone             |       |       |     7 |       |       ||     7
       Boomerang         |       |       |     4 |    21 |    54 ||    79
       Throwing net      |       |       |       |     1 |       ||     1
 Cast: Summon Lightning  |       |       |       |       |     2 ||     2
Invok: Divine Exegesis   |       |       |       |       |     2 ||     2
Evoke: Wand              |       |       |       |     2 |    11 ||    13
       Lightning rod     |       |       |       |       |     7 ||     7
  Use: Scroll            |       |       |    12 |    12 |     6 ||    30
       Potion            |       |       |       |     2 |     5 ||     7
 Stab: Sleeping          |     1 |       |     1 |       |       ||     2
       Paralysed         |       |       |       |     3 |       ||     3
       Distracted        |       |       |       |       |     1 ||     1
Armor: Robe              |    57 |    40 |    72 |    94 |       ||   263
       Skin              |       |       |     1 |       |       ||     1
       Troll leather arm |       |       |       |    64 |   109 ||   173
       Ice dragon scales |       |       |       |       |   107 ||   107
Dodge: Dodged            |    46 |    64 |   137 |   233 |   211 ||   691
Block: Kite shield       |       |       |       |   332 |   520 ||   852
       Reflection        |       |       |       |     3 |     6 ||     9

Levels and vault maps discovered:
D:1:      ebering_trefoil_3fold, layout_basic, serial_shops, shop, hex_tiny
D:2:      layout_rooms, hellmonk_ecumenical_altar_watching_god
D:3:      layout_basic, serial_rivers, chequers_serial_rivers_marsh,
          chequers_serial_rivers_room_a, chequers_serial_rivers_micro_e,
          chequers_serial_rivers_large_b, minmay_misc_feat_columns, fountainhead
D:4:      layout_rooms, chei_slow_surprise
D:5:      layout_rooms, serial_corexii_hall, chequers_hall_statues_y,
          chequers_hall_statues_corner_a, uniq_blork_the_orc
D:6:      layout_basic, minivault_14, minmay_circle_x
D:7:      layout_loops_ring, lemuel_temple_firewalk_a
D:8:      layout_basic, okawaru_altar_gauntlet_db,
          nicolae_ossuary_entry_catacombs
D:9:      layout_cave_pools, eat_drink_and_be_merry_uskayaw,
          nicolae_sif_muna_little_library, yredelemnul_forgotten_temple_becter,
          serial_shops, shop
D:10:     layout_long_grid, minmay_lair_entry_grove, serial_shops,
          nicolae_shop_crystal, nicolae_shop_trees, nicolae_stop_n_shop_1,
          nicolae_stop_n_shop_1, shop
D:11:     layout_basic, special_room [special_room_orc], minmay_lizard_king,
          uniq_sonja, uniq_lodul, uniq_snorg
D:12:     layout_gridville, orc_0_dummy, hangedman_decor_opposing,
          nrook_mini_backslash, uniq_nessos
Temple:   minmay_temple_bridge_d
Lair:1:   lemuel_ratsnest, layout_small_grid, uniq_gastronok
Lair:2:   layout_gridlike, minmay_snake_entry_guardpost_small, minivault_25,
          hangedman_lair_unloving_vines, cheibrodos_lair_lostbears
Lair:3:   layout_big_grid, elwin_shoals_entry_rooms,
          grunt_forest_small_clearings, cheibrodos_lair_reptile_den,
          lemuel_fruit_fields, infiniplex_staircase_pool_2
Lair:4:   layout_roguey, nicolae_volcano_entry_batcave, kennysheep_snail_temple,
          grunt_megastairs_1
Lair:5:   due_jungle_book, layout_concentric_octagons, dpeg_slime_entry_corner,
          portal_ice_cave_entry_pillars_1, serial_bayou_shore_b,
          serial_bayou_shore_a, infiniplex_staircase_pool

Notes
Turn   | Place    | Note
-------+----------+-------------------------------------------
     0 | D:1      | scionoferis the Troll Earth Elementalist began the quest
                  | for the Orb.
     0 | D:1      | Reached XP level 1. HP: 16/16 MP: 1/1
   125 | D:1      | Reached skill level 1 in Unarmed Combat
   184 | D:1      | Reached XP level 2. HP: 26/26 MP: 2/2
   230 | D:1      | Found Mulaigh's Magic Scroll Boutique.
   332 | D:1      | Reached skill level 2 in Unarmed Combat
   333 | D:1      | Reached skill level 1 in Fighting
   365 | D:1      | Reached XP level 3. HP: 28/33 MP: 3/3
   791 | D:2      | Noticed a great orb of eyes
   792 | D:2      | Found a faded altar of an unknown god.
   798 | D:2      | Noticed a shining eye
   801 | D:2      | Noticed a great orb of eyes
   801 | D:2      | Noticed a golden eye
   909 | D:2      | Reached skill level 3 in Unarmed Combat
   909 | D:2      | Reached XP level 4. HP: 36/41 MP: 4/4
  2077 | D:4      | Reached skill level 2 in Fighting
  2077 | D:4      | Reached XP level 5. HP: 43/49 MP: 3/5
  2101 | D:4      | Noticed a water moccasin
  2113 | D:4      | Killed a water moccasin
  2114 | D:4      | Reached skill level 2 in Dodging
  2114 | D:4      | Reached skill level 4 in Unarmed Combat
  2123 | D:4      | Reached XP level 6. HP: 16/59 MP: 1/6
  2235 | D:4      | Reached skill level 5 in Unarmed Combat
  2647 | D:3      | Reached skill level 3 in Fighting
  2647 | D:3      | Reached XP level 7. HP: 51/67 MP: 3/7
  2821 | D:4      | Found a snail-covered altar of Cheibriados.
  2902 | D:5      | Entered Level 5 of the Dungeon
  3002 | D:5      | Reached skill level 3 in Dodging
  3075 | D:5      | Reached skill level 6 in Unarmed Combat
  3118 | D:5      | Noticed Blork the orc
  3135 | D:5      | Killed Blork the orc
  3199 | D:5      | Reached XP level 8. HP: 78/78 MP: 8/8
  3392 | D:5      | Reached skill level 4 in Fighting
  3392 | D:5      | Reached skill level 7 in Unarmed Combat
  3723 | D:6      | Reached skill level 4 in Dodging
  3993 | D:6      | Reached skill level 8 in Unarmed Combat
  4038 | D:6      | Reached XP level 9. HP: 87/87 MP: 9/9
  4160 | D:6      | Reached skill level 5 in Fighting
  4737 | D:6      | Reached skill level 9 in Unarmed Combat
  5017 | D:1      | Bought a scroll of blinking for 97 gold pieces
  5211 | D:7      | Found a staircase to the Ecumenical Temple.
  5220 | Temple   | Entered the Ecumenical Temple
  5694 | D:7      | Reached skill level 5 in Dodging
  6361 | D:1      | Bought a scroll of identify for 26 gold pieces
  6361 | D:1      | Bought a scroll of identify for 26 gold pieces
  6361 | D:1      | Bought a scroll of teleportation for 39 gold pieces
  6361 | D:1      | Bought 3 scrolls of identify for 78 gold pieces
  6711 | D:8      | Reached skill level 10 in Unarmed Combat
  6764 | D:8      | Reached skill level 6 in Fighting
  6774 | D:8      | Reached XP level 10. HP: 72/98 MP: 7/10
  6807 | D:8      | Reached skill level 1 in Throwing
  6831 | D:8      | Reached skill level 6 in Dodging
  6836 | D:8      | Found a sand-covered staircase.
  6848 | Ossuary  | Entered an ossuary
  7848 | D:8      | Found an iron altar of Okawaru.
  8223 | D:8      | Reached skill level 2 in Throwing
  8223 | D:8      | Reached skill level 1 in Shields
  8256 | D:9      | Reached skill level 11 in Unarmed Combat
  8472 | D:9      | Found a shimmering blue altar of Sif Muna.
  8476 | D:9      | Became a worshipper of Sif Muna the Loreminder
  8583 | D:9      | Reached skill level 2 in Shields
  8583 | D:9      | Reached skill level 1 in Invocations
  8597 | D:9      | Reached skill level 2 in Invocations
  8706 | D:9      | Found Mountopp's Jewellery Boutique.
  8732 | D:9      | Reached skill level 3 in Invocations
  8776 | D:9      | Found a basalt altar of Yredelemnul.
  8864 | D:9      | Noticed a two-headed ogre
  8987 | D:9      | Found a hide-covered altar of Uskayaw.
  9145 | D:9      | Killed a two-headed ogre
  9146 | D:9      | Reached skill level 3 in Shields
  9146 | D:9      | Reached XP level 11. HP: 40/107 MP: 4/12
  9280 | D:10     | Entered Level 10 of the Dungeon
  9280 | D:10     | Found Yvunuik's General Store.
  9286 | D:10     | Noticed a sixfirhy
  9287 | D:10     | Reached skill level 4 in Invocations
  9306 | D:10     | Found Biadda Igh's Armour Emporium.
  9343 | D:10     | Found a staircase to the Lair.
  9384 | D:10     | Reached * piety under Sif Muna
  9557 | D:10     | Identified the +2 flail of Radicalism {vamp, rF++ rCorr
                  | Int-4}
  9737 | D:10     | Reached skill level 5 in Invocations
  9738 | D:10     | Reached skill level 4 in Shields
  9838 | D:10     | Found Ekkux's Assorted Antiques.
  9924 | D:10     | Found Latust's Armour Shop.
  9948 | D:10     | Found Sicvotou's Assorted Antiques.
  9952 | D:10     | Bought a brown potion for 26 gold pieces
  9952 | D:10     | Bought a scroll labelled DUGRA GOLAWNO for 29 gold pieces
 10172 | D:10     | Noticed a two-headed ogre
 10178 | D:10     | Killed a two-headed ogre
 10558 | D:11     | Noticed Sonja
 10575 | D:11     | Killed Sonja
 10576 | D:11     | Reached skill level 6 in Invocations
 10638 | D:11     | Noticed a cyan ugly thing
 10655 | D:11     | Killed a cyan ugly thing
 10679 | D:11     | Reached skill level 3 in Throwing
 10809 | D:11     | Noticed Lodul
 10847 | D:10     | Reached skill level 5 in Shields
 10961 | D:11     | Killed Lodul
 10965 | D:11     | Reached skill level 7 in Invocations
 11170 | D:11     | Noticed a two-headed ogre
 11402 | D:11     | Reached ** piety under Sif Muna
 11462 | D:11     | Noticed Snorg
 11470 | D:10     | Reached skill level 4 in Throwing
 11498 | D:10     | Reached XP level 12. HP: 100/115 MP: 16/16
 11523 | D:11     | Killed Snorg
 11918 | D:12     | Found a staircase to the Orcish Mines.
 11997 | D:12     | Reached skill level 8 in Invocations
 12023 | D:12     | Reached skill level 6 in Shields
 12145 | D:12     | Identified a scroll of acquirement
 12146 | D:12     | Acquired 716 gold pieces
 12148 | D:12     | Noticed a boulder beetle
 12160 | D:12     | Killed a boulder beetle
 12441 | D:12     | Noticed Nessos
 12453 | D:12     | Killed Nessos
 12454 | D:12     | Reached skill level 5 in Throwing
 12525 | D:12     | Identified the +3 ring mail of the Imp {Regen+ Str+3 Dex+3
                  | Slay-2}
 12551 | D:12     | Reached skill level 9 in Invocations
 12839 | D:12     | Reached *** piety under Sif Muna
 12999 | D:9      | Bought a ring of protection from fire for 300 gold pieces
 13041 | Lair:1   | Entered Level 1 of the Lair of Beasts
 13114 | Lair:1   | Noticed Gastronok
 13222 | Lair:1   | Killed Gastronok
 13223 | Lair:1   | Reached skill level 7 in Shields
 13399 | Lair:1   | Reached skill level 6 in Throwing
 13541 | Lair:1   | Reached **** piety under Sif Muna
 13690 | Lair:1   | Reached skill level 10 in Invocations
 14370 | Lair:2   | Reached skill level 12 in Unarmed Combat
 14584 | Lair:2   | Reached XP level 13. HP: 120/122 MP: 19/19
 14729 | Lair:2   | Found a staircase to the Snake Pit.
 15529 | Lair:3   | Reached skill level 1 in Evocations
 15945 | Lair:3   | Reached skill level 2 in Evocations
 16115 | Lair:3   | Found a staircase to the Shoals.
 16240 | Lair:3   | Reached skill level 7 in Fighting
 16815 | Lair:4   | Reached skill level 11 in Invocations
 16841 | Lair:4   | Reached skill level 7 in Dodging
 16841 | Lair:4   | Reached skill level 8 in Shields
 16844 | Lair:4   | Reached skill level 7 in Throwing
 16844 | Lair:4   | Reached skill level 3 in Evocations
 16955 | Lair:4   | HP: 12/124 [six-headed hydra (8)]
 16985 | Lair:4   | Found a dark tunnel.
 16996 | Volcano  | Entered a volcano
 17241 | Volcano  | Found a bloodstained altar of Trog.
 17625 | Lair:4   | Reached XP level 14. HP: 132/133 MP: 21/21
 17733 | Lair:4   | Reached skill level 4 in Evocations
 17813 | Lair:4   | Found a snail-covered altar of Cheibriados.
 18081 | Lair:4   | Reached skill level 1 in Armour
 18397 | Lair:5   | Entered Level 5 of the Lair of Beasts
 18594 | Lair:5   | Found a frozen archway.
 18610 | IceCv    | Entered an ice cave
 19065 | IceCv    | Reached ***** piety under Sif Muna
 19871 | Lair:5   | Received a gift from Sif Muna
 19878 | Lair:5   | Reached skill level 2 in Armour
 19894 | Lair:5   | Got Sif Muna's Lessons on Warped Transformation {god gift}
 19972 | Lair:5   | Found a staircase to the Slime Pits.
 20143 | Lair:5   | Reached skill level 12 in Invocations
 20148 | Lair:5   | Reached skill level 5 in Evocations
 20290 | Lair:5   | Reached skill level 13 in Unarmed Combat
 20928 | Lair:5   | Reached skill level 8 in Throwing
 21024 | Lair:5   | Reached skill level 8 in Fighting
 21253 | Lair:5   | HP: 10/134 [dire elephant (33)]
 21254 | Lair:5   | Mangled by a dire elephant

Vanquished Creatures
  Gastronok (Lair:1)
  Nessos (D:12)
  4 dire elephants (Lair:4 Lair:5)
  Snorg (D:11)
  3 hydras (Lair:4 Lair:5)
  2 two-headed ogres (D:9 D:10)
  2 boulder beetles (D:12 Lair:5)
  An ice dragon (IceCv)
  6 death yaks (Lair:4 Lair:5)
  Sonja (D:11)
  A hell hog (Volcano)
  A fire crab (Volcano)
  Lodul (D:11)
  A spectral death yak (Lair:5)
  A spectral anaconda (Lair:5)
  2 deep elf pyromancers (D:12)
  An ugly thing (D:11)
  2 cyclopes (D:10 D:12)
  30 elephants (Lair:3 Lair:4 Lair:5)
  2 ice statues (IceCv)
  A molten gargoyle (Volcano)
  3 black mambas (Lair:3 Lair:4 Lair:5)
  A gargoyle (Volcano)
  4 torpor snails (Lair:4)
  6 rime drakes (Lair:2 IceCv Lair:5)
  A kobold demonologist (D:10)
  16 cane toads (Lair:1 Lair:2 Lair:3 Lair:4 Lair:5)
  4 komodo dragons (D:10 D:11 Lair:1 Lair:4)
  A tengu conjurer (D:10)
  2 trolls (D:10 D:11)
  6 polar bears (Lair:2 Lair:1 Lair:4)
  17 blink frogs (Lair:2 Lair:3 Lair:4)
  13 slime creatures (D:12)
  7 dream sheep (Lair:5)
  2 spectral elephants (Lair:5)
  3 wraiths (D:10 D:12)
  35 yaks (D:8 D:9 Lair:2 Lair:3 Lair:4)
  A shadow (D:11)
  A vampire (D:12)
  A wyvern (D:10)
  3 vampire mosquitoes (D:10)
  5 fire bats (Lair:4 Volcano)
  2 steam dragons (Volcano)
  5 basilisks (D:10 D:11 Lair:1 Lair:4 Lair:5)
  A death yak simulacrum (Lair:5)
  3 nagas (Lair:2)
  2 hell hounds (Volcano)
  A spectral cane toad (Lair:5)
  An acid dragon (D:11)
  22 water moccasins (D:4 D:10 Lair:1 Lair:2 Lair:3)
  3 ice beasts (D:5 D:6)
  4 black bears (D:5 D:6 D:10)
  13 ogres (D:6 D:11 D:10)
  8 orc warriors (D:8 D:9 D:11 D:10)
  2 sky beasts (D:6 D:7)
  8 wolves (D:10 Lair:1)
  6 centaurs (D:5 D:6 D:7 D:8 D:9)
  Blork the orc (D:5)
  3 kobold brigands (D:5 D:10)
  2 elf zombies (D:8)
  3 necrophages (D:4 D:5 D:6)
  10 bullfrogs (D:6 Lair:1 Lair:2 Lair:4)
  3 scorpions (D:4 D:5)
  A gnoll sergeant (D:8)
  2 cane toad simulacra (Lair:5)
  8 water moccasin zombies (Ossuary)
  A wight (D:6)
  4 killer bees (D:9)
  An elephant simulacrum (Lair:5)
  2 lindwurm simulacra (IceCv)
  2 electric eels (D:6 D:11)
  5 lava snakes (Volcano)
  4 komodo dragon simulacra (IceCv)
  4 hounds (D:5 D:6)
  6 jellies (D:4 D:6 D:7)
  10 orc priests (D:3 D:7 D:8 D:9 D:11)
  An iron imp (D:4)
  7 iguanas (D:6 D:7 D:11)
  3 human skeletons (D:8)
  6 hell rats (Lair:1)
  8 orc wizards (D:4 D:7 D:8 D:9)
  2 mummies (Ossuary)
  15 gnolls (D:2 D:4 D:3 D:7 D:8)
  9 acid dragon simulacra (IceCv)
  11 adders (D:2 D:3 D:4 D:5 D:6)
  13 river rats (Lair:1)
  A white imp (D:6)
  6 steam dragon simulacra (IceCv)
  4 ufetubi (D:4 D:5 D:6)
  4 adder zombies (Ossuary)
  2 worms (D:2)
  3 dart slugs (D:1 D:3)
  33 orcs (D:3 D:4 D:6 D:7 D:8)
  10 ball pythons (D:1 D:2 D:3 D:4)
  5 endoplasms (D:1 D:2 D:4)
  5 giant cockroaches (D:1 D:2 D:4)
  4 gnoll zombies (Ossuary)
  3 goblins (D:2 D:3 D:4)
  11 hobgoblins (D:1 D:2 D:3 D:4)
  5 jackals (D:1)
  19 kobolds (D:1 D:4 D:3 D:5 D:8)
  17 quokkas (D:1 D:2 D:3 D:4 D:5)
  2 bats (D:1 D:2)
  4 frilled lizards (D:1 D:11)
  6 hobgoblin zombies (Ossuary)
  6 kobold zombies (Ossuary)
  An orc skeleton (D:8)
  2 orc zombies (Ossuary)
  14 rats (D:1 D:2 Lair:1)
  A spectral orc (D:9)
593 creatures vanquished.

Vanquished Creatures (collateral kills)
  A hydra (Lair:3)
1 creature vanquished.

Vanquished Creatures (others)
  2 kobolds (D:10)
  36 fungi (D:10 Lair:1 Lair:2 Lair:3 Lair:4)
  68 plants (D:10 D:11 Lair:1 Lair:2 Lair:3)
  17 withered plants (Lair:5)
123 creatures vanquished.

Grand Total: 717 creatures vanquished

Table legend: (Time is in decaauts)
 A = Elapsed time spent in this place.
 B = Non-inter-level travel time spent in this place.
 C = Inter-level travel time spent in this place.
 D = Time resting spent in this place.
 E = Time spent auto-exploring this place.
 F = Levels seen in this place.
 G = Mean time per level.
                   A        B        C        D        E       F      G
               +--------+--------+--------+--------+--------+-----+--------+
         Total |  21129 |  19491 |   1638 |   1663 |  10860 |  21 | 1006.1 |
       Dungeon |  12551 |  11178 |   1373 |    857 |   6724 |  12 | 1045.9 |
        Temple |    233 |    225 |      8 |      0 |    214 |   1 |  233.0 |
          Lair |   6736 |   6479 |    257 |    457 |   3729 |   5 | 1347.2 |
       Ossuary |    219 |    219 |      0 |      5 |     29 |   1 |  219.0 |
      Ice Cave |    885 |    885 |      0 |    324 |    163 |   1 |  885.0 |
       Volcano |    502 |    502 |      0 |     20 |      0 |   1 |  502.0 |
               +--------+--------+--------+--------+--------+-----+--------+

Top non-repeatable levels by time:
    D:10: 1667 daAuts
  Lair:5: 1556 daAuts
  Lair:4: 1494 daAuts
     D:8: 1402 daAuts
  Lair:3: 1367 daAuts
     D:6: 1339 daAuts
  Lair:1: 1283 daAuts
     D:3: 1154 daAuts
    D:11: 1041 daAuts
     D:9: 1039 daAuts
  Lair:2: 1035 daAuts
    D:12: 995 daAuts
     D:7: 938 daAuts
   IceCv: 885 daAuts
     D:1: 847 daAuts

Table legend:
 A = Non-vault XP
 B = Vault XP
 C = Vault XP percentage of total XP
 D = Non-vault monster count
 E = Vault monster count
 F = Vault count percentage of total count
                 A         B        C        D         E       F
            +---------+---------+-------+---------+---------+-------
      Total |   66456 |   31426 |  32.1 |     367 |     227 |  38.2
            +---------+---------+-------+---------+---------+-------
        D:1 |      61 |       0 |   0.0 |      34 |       0 |   0.0
        D:2 |     100 |       0 |   0.0 |      24 |       0 |   0.0
        D:3 |     118 |       0 |   0.0 |      15 |       0 |   0.0
        D:4 |     562 |      39 |   6.5 |      19 |       1 |   5.0
        D:5 |     772 |     100 |  11.5 |      16 |       1 |   5.9
        D:6 |    1070 |     550 |  34.0 |      18 |       7 |  28.0
        D:7 |     575 |       0 |   0.0 |      16 |       0 |   0.0
        D:8 |    2908 |     339 |  10.4 |      24 |      12 |  33.3
        D:9 |    3253 |       1 |   0.0 |      26 |       1 |   3.7
       D:10 |    3857 |    2212 |  36.4 |      17 |      17 |  50.0
       D:11 |    1622 |    4787 |  74.7 |      12 |      38 |  76.0
       D:12 |    6538 |    1037 |  13.7 |      19 |       1 |   5.0
     Lair:1 |    2341 |    2644 |  53.0 |      14 |      38 |  73.1
     Lair:2 |    4437 |    1343 |  23.2 |      17 |       6 |  26.1
     Lair:3 |   10278 |     645 |   5.9 |      26 |       7 |  21.2
     Lair:4 |   12885 |    3682 |  22.2 |      36 |      10 |  21.7
     Lair:5 |   15079 |    5958 |  28.3 |      34 |      13 |  27.7
    Ossuary |       0 |     703 | 100.0 |       0 |      32 | 100.0
      IceCv |       0 |    3646 | 100.0 |       0 |      28 | 100.0
    Volcano |       0 |    3740 | 100.0 |       0 |      15 | 100.0
            +---------+---------+-------+---------+---------+-------
